AoeStats
← UMIT BESEN

Arabia

510415482Analyzed
1v1 RM · 1d ago on Sep 30, 2026· 50m 57s· 2 players
Game mode
Random Map
Map size
Tiny (2 player)
Population
200
Speed
Normal
Resources
Standard
Victory
Conquest
Starting age
Dark Age
Ending age
Imperial Age
RankedLock teamsTeams togetherTeam positionsShared explorationLock speedFull tech treeHidden civsTurbo modeCheats
Victory
Defeat
🇨🇱 Mongols · Chile
1276
+16
🇹🇷 Goths · Türkiye
1276
-16
buho_guns
5:48 Loom
8:26 Feudal Age
9:39 Double-Bit Axe
14:43 Fletching
16:40 Town Watch
17:16 Padded Archer Armor
18:09 Gold Mining
18:00 Horse Collar
22:55 Castle Age
22:18 Scale Barding Armor
22:57 Crossbowman
23:32 Bodkin Arrow
27:02 Chain Barding Armor
29:05 Bow Saw
28:56 Heavy Plow
32:38 Ballistics
33:27 Thumb Ring
36:41 Bloodlines
36:31 Husbandry
35:52 Light Cavalry
40:23 Wheelbarrow
41:50 Hand Cart
45:33 Imperial Age
45:40 Imperial Age
45:26 Leather Archer Armor
45:49 Gold Shaft Mining
46:05 Forging
45:56 Scale Mail Armor
45:53 Man-at-Arms
46:34 Squires
46:53 Long Swordsman
48:10 Iron Casting
49:24 Chemistry
49:05 Conscription
48:41 Two-Handed Swordsman
51:20 Blast Furnace
UMIT BESEN
0:50 Loom
10:31 Feudal Age
11:12 Double-Bit Axe
13:30 Man-at-Arms
28:02 Castle Age
30:00 Wheelbarrow
30:23 Bow Saw
29:56 Horse Collar
Connection lost

Rejoining the realm…

Still unreachable

The connection could not be restored.

Session expired

The server has moved on; the page needs a fresh start.